 Dungeon Crawl Stone Soup version 0.29.1-12-g30fa7ad0bf (webtiles) character file.

Game seed: 2671808025852897818

112 xian the Firebug (level 4, 0/31 HPs)
             Began as a Demonspawn Fire Elementalist on Jan 10, 2023.
             Slain by a crimson imp (3 damage)
             ... summoned by Natasha
             ... on level 2 of the Dungeon.
             The game lasted 00:06:00 (3035 turns).

xian the Firebug (Demonspawn Fire Elementalist)     Turns: 3035, Time: 00:06:01

Health: 0/31       AC:  3    Str:  8    XL:     4   Next: 63%
Magic:  0/7        EV: 10    Int: 19    God:
Gold:   41         SH: 12    Dex: 13    Spells: 5/8 levels left

rFire   . . .      SeeInvis .   a - +1 dagger (elec)
rCold   . . .      Faith    .   l - +0 kite shield
rNeg    . . .      Spirit   .   j - +0 robe {Will+}
rPois   .          Reflect  .   i - +0 helmet
rElec   .          Harm     .   (no cloak)
rCorr   .          Rampage  .   (no gloves)
Will    +....                   (no boots)
Stlth   ++........              (no amulet)
HPRegen 0.10/turn               (no ring)
MPRegen 0.10/turn               (no ring)

@: no status effects
A: large bone plates 1, powered by pain 1
a: no special abilities


You were on level 2 of the Dungeon.
You visited 1 branch of the dungeon, and saw 3 of its levels.

You collected 41 gold pieces.

Inventory:

Hand Weapons
 a - a +1 dagger of electrocution (weapon)
 f - a +1 dagger of venom
Armour
 e - a +0 tower shield
 i - a +0 helmet (worn)
 j - a +0 robe of willpower (worn)
 l - a +0 kite shield (worn)
 m - a +0 plate armour
Magical Staves
 n - a staff of death
Scrolls
 c - a scroll of magic mapping {unknown}
 d - 2 scrolls of identify {unknown}
 o - a scroll of noise {unknown}
 p - a scroll of brand weapon {unknown}
 r - a scroll of poison {unknown}
 u - a scroll of vulnerability {unknown}
Potions
 b - a potion of magic
 g - a potion of mutation {unknown}
 h - a potion of haste {unknown}
 k - a potion of brilliance {unknown}
 q - a potion of invisibility {unknown}
 s - a potion of degeneration {unknown}
 t - 2 potions of lignification {unknown}


   Skills:
 + Level 0.8 Fighting
 + Level 0.1 Short Blades
 + Level 2.0 Dodging
 + Level 2.1 Stealth
 * Level 1.8 Shields
 + Level 2.6 Spellcasting
 + Level 1.4 Conjurations
 + Level 3.4 Fire Magic


You had 5 spell levels left.
You knew the following spells:

 Your Spells              Type           Power      Damage    Failure   Level
a - Foxfire               Conj/Fire      44%        2x1d6     19%         1
b - Scorch                Fire           30%        2d6       19%         2

Your spell library contained the following spells:

 Spells                   Type           Power      Damage    Failure   Level
 Conjure Flame            Conj/Fire      11%        6-21      50%         3
 Inner Flame              Hex/Fire       9%         N/A       61%         3
 Flame Wave               Conj/Fire      11%        2d6       88%         4


Dungeon Overview and Level Annotations

Branches:
Dungeon (3/15)

Altars:

Annotations:
D:2 Natasha


Innate Abilities, Weirdness & Mutations

You are partially covered in large bone plates. (SH +4)
You sometimes gain a little power by taking damage.


Message History

Confirm with . or Enter, or press ? or * to list all spells.
You don't know that spell.
The crimson imp hits you.
Natasha casts a spell.
Unknown command.
The crimson imp barely misses you. The white imp hits you.
The white imp freezes you. Natasha closely misses you.
Casting: Scorch (safe; 19% risk of failure)
Confirm with . or Enter, or press ? or * to list all spells.
Flames lash the white imp.
The white imp is burned terribly!
The white imp is moderately wounded.
The white imp's fire resistance burns away.
You block the crimson imp's attack. The white imp hits you.
The white imp freezes you.
Natasha hisses.
You block Natasha's attack. You block the crimson imp's attack.
You are too injured to fight recklessly!
You are too injured to fight recklessly!
You are too injured to fight recklessly!
Unknown command.
Casting: Scorch (safe; 19% risk of failure)
Confirm with . or Enter, or press ? or * to list all spells.
You conjure some foxfire!
The crimson imp hits you but does no damage.
The white imp closely misses you. Natasha claws you.
The crimson imp shouts, "Scamper home, thou beslubbering sow-suckled malt-worm!"
The crimson imp barely misses you.
You hit Natasha.
Natasha is lightly wounded.
The white imp is no longer more vulnerable to fire.
The foxfire hits the crimson imp.
The crimson imp completely resists.
The foxfire hits the crimson imp.
The crimson imp completely resists.
The crimson imp hits you.
* * * LOW HITPOINT WARNING * * *
You block Natasha's attack. The white imp hits you.
* * * LOW HITPOINT WARNING * * *
The white imp freezes you.
* * * LOW HITPOINT WARNING * * *
The crimson imp hits you.
You die...

......)...........#
#.#..
.#.##############.#
#.#.# #. #.# #.#.# #.
#.# #.#.# #. ####.###
#.#.# #......# #.#.#
#......#########.#.#
#.#.#...§(...........#.#
......h@................
..#.#.555..##.....####.#
#.#......##.....# #.# #
#########.....# #.#
######.....# #.# # ##
#.# #...##.....# #.. #.
.# ..# #.#§##.††..# ###
#.. .##.# #.#....)...+
#..# .#.# #.####.....#


You could see Natasha, 2 crimson imps and a white imp (summoned).

Vanquished Creatures
  Natasha (twice) (D:2)
  2 adders (D:2)
  3 endoplasms
  2 giant cockroaches (D:1)
  4 goblins
  9 hobgoblins
  2 jackals (D:2)
  8 kobolds
  2 quokkas
  A ball python (D:1)
  2 frilled lizards (D:1)
  6 rats (D:1)
43 creatures vanquished.

Vanquished Creatures (collateral kills)
  A foxfire (D:1)
1 creature vanquished.

Vanquished Creatures (others)
  100 foxfires
100 creatures vanquished.

Grand Total: 144 creatures vanquished

Notes
Turn   | Place    | Note
-------+----------+-------------------------------------------
     0 | D:1      | xian the Demonspawn Fire Elementalist began the quest for
                  | the Orb.
     0 | D:1      | Reached XP level 1. HP: 13/13 MP: 3/3
   454 | D:1      | Gained mutation: You sometimes gain a little power by
                  | taking damage. [demonic ancestry]
   454 | D:1      | Reached XP level 2. HP: 15/20 MP: 0/5
   798 | D:1      | Reached skill level 3 in Fire Magic
  1247 | D:1      | Learned a level 2 spell: Scorch
  1553 | D:1      | Reached XP level 3. HP: 25/25 MP: 3/6
  1873 | D:2      | Noticed Natasha
  2098 | D:2      | Killed Natasha
  2368 | D:2      | Reached skill level 1 in Shields
  2368 | D:2      | Gained mutation: You are partially covered in large bone
                  | plates. (SH +4) [demonic ancestry]
  2368 | D:2      | Reached XP level 4. HP: 19/31 MP: 0/7
  2532 | D:2      | Noticed Natasha
  2560 | D:2      | Killed Natasha
  3024 | D:2      | Noticed Natasha
  3035 | D:2      | Slain by a crimson imp

Illustrated notes

Levels and vault maps discovered:
D:1:      saegor_arrival_miasma, layout_basic, serial_forest,
          infiniplex_forest_clump_small, infiniplex_forest_split,
          infiniplex_forest_clump_small, infiniplex_forest_straight_2,
          serial_park_tiny_1, roderic_malta_cross
D:2:      layout_basic, minmay_tripent, uniq_natasha
D:3:      layout_loops_ring, nicolae_ru_path_of_blood,
          nicolae_dithmenos_shadow_blocks, minmay_puff

Skill      XL: |  1  2  3 |
---------------+----------+-----
Fire Magic     | 3 |  3.4
Stealth        | 2 |  2.1
Dodging        | 2 |  2.0
Shields        | 1 |  1.8
Fighting       | |  0.8
Short Blades   | |  0.1
Spellcasting   | |  2.6
Conjurations   | |  1.4

Action                   |  1- 3 |  4- 6 || total
-------------------------+-------+-------++-------
Melee: Unarmed           |    17 |       ||    17
       Dagger            |    30 |    13 ||    43
 Cast: Foxfire           |    64 |     8 ||    72
       Scorch            |     1 |     3 ||     4
 Stab: Sleeping          |     3 |       ||     3
Armor: Robe              |    20 |     1 ||    21
Dodge: Dodged            |    36 |     6 ||    42
Block: Kite shield       |     5 |     8 ||    13
